 Dungeon Crawl Stone Soup version 0.27-a0-1513-g2aaa0cc67b (webtiles) character file.

Game seed: 8117798620342960417

291 bilbop the Caller (level 6, -3/33 (35) HPs)
             Began as a Kobold Summoner on July 10, 2021.
             Slain by a wight (4 damage)
             ... on level 6 of the Dungeon.
             The game lasted 00:21:13 (4186 turns).

bilbop the Caller (Kobold Summoner)                 Turns: 4186, Time: 00:21:13

HP:   -3/33 (35)    AC:  3    Str:  5    XL:     6   Next: 58%
MP:   3/10          EV: 15    Int: 18    God:
Gold: 156           SH:  5    Dex: 16    Spells: 5/11 levels left

rFire    . . .     SeeInvis .   a - +0 dagger
rCold    . . .     Faith    .   k - +0 buckler
rNeg     . . .     Spirit   .   c - +0 robe
rPois    .         Reflect  .   (no helmet)
rElec    .         Harm     .   (no cloak)
rCorr    .         Rampage  .   (no gloves)
Will     .....                  b - +0 pair of boots
Stlth    ++++......             (no amulet)
HPRegen  0.11/turn              (no ring)
MPRegen  0.12/turn              (no ring)

@: drained
A: small, no large weapons, nightstalker 3
a: no special abilities


You were on level 6 of the Dungeon.
You visited 1 branch of the dungeon, and saw 5 of its levels.

You collected 156 gold pieces.

Inventory:

Hand Weapons
 a - a +0 dagger (weapon)
 f - a +0 short sword
Armour
 b - a +0 pair of boots (worn)
 c - a +0 robe (worn)
 k - a +0 buckler (worn)
Scrolls
 d - 3 scrolls of identify {unknown}
 i - 3 scrolls of vulnerability {unknown}
 m - a scroll of silence {unknown}
 n - a scroll of noise {unknown}
 o - a scroll of enchant armour {unknown}
 r - a scroll of enchant weapon {unknown}
Potions
 e - a potion of cancellation {unknown}
 g - a potion of berserk rage {unknown}
 h - a potion of attraction {unknown}
 j - a potion of haste {unknown}
 l - a potion of might {unknown}
 p - a potion of curing {unknown}
 q - a potion of flight {unknown}
 s - a potion of degeneration {unknown}


   Skills:
 + Level 2.1 Fighting
 + Level 3.1 Short Blades
 + Level 3.7 Dodging
 + Level 4.3 Stealth
 + Level 1.1 Shields
 + Level 3.1 Spellcasting
 + Level 4.6 Summonings


You had 5 spell levels left.
You knew the following spells:

 Your Spells              Type           Power      Damage    Failure   Level
a - Summon Small Mammal   Summ           76%        N/A       3%          1
b - Call Imp              Summ           19%        N/A       5%          2
c - Call Canine Familiar  Summ           19%        N/A       11%         3

Your spell library contained the following spells:

 Spells                   Type           Power      Damage    Failure   Level
 Summon Guardian Golem    Hex/Summ       11%        N/A       28%         3
 Ignite Poison            Fire/Tmut/Pois 2%         N/A       58%         3
 Mephitic Cloud           Conj/Pois/Air  2%         N/A       58%         3
 Summon Lightning Spire   Summ/Air       11%        N/A       67%         4
 Passage of Golubria      Tloc           N/A        N/A       94%         4
 Bolt of Magma            Conj/Fire/Erth 1%         4d4       100%        5
 Silence                  Hex/Air        1%         N/A       100%        5
 Lehudib's Crystal Spear  Conj/Erth      1%         10d2      100%        8


Dungeon Overview and Level Annotations

Branches:
Dungeon (4/15)
 Temple: D:4-7

Altars:

Shops:
D:1 *   D:2 *   D:3 !


Innate Abilities, Weirdness & Mutations

You are small and have problems with some larger weapons.
You are completely attuned to the shadows.


Message History

The bullfrog completely misses your crimson imp.
The bullfrog closely misses your crimson imp.
Your crimson imp hits the bullfrog.
The bullfrog hits your crimson imp.
Your crimson imp hits the bullfrog. x2
The bullfrog misses your crimson imp.
Your crimson imp hits the bullfrog.
The bullfrog hits your crimson imp.
Your crimson imp closely misses the bullfrog.
Something barely misses your crimson imp.
A wight comes into view. It is wielding a +5 morningstar.
You are too injured to fight recklessly!
A wight comes into view. It is wielding a +0 long sword.
The bullfrog misses your crimson imp.
Your crimson imp hits the bullfrog.
The bullfrog closely misses your crimson imp.
Your crimson imp barely misses the bullfrog.
The bullfrog hits your crimson imp.
Your crimson imp closely misses the bullfrog.
Casting: Call Imp (safe; 5% risk of failure)
Confirm with . or Enter, or press ? or * to list all spells.
A beastly little devil appears in a puff of flame.
The bullfrog hits your crimson imp.
Your crimson imp hits the bullfrog.
The wight barely misses you.
Your crimson imp closely misses the bullfrog.
The bullfrog barely misses your crimson imp.
Your crimson imp blinks!
The bullfrog misses your crimson imp.
Your crimson imp hits the bullfrog.
Your crimson imp misses the wight.
You swap places.
The bullfrog hits your crimson imp!
Your crimson imp hits the bullfrog.
The wight misses you.
Your crimson imp hits the bullfrog.
Your crimson imp hits the wight but does no damage.
Casting: Call Imp (safe; 5% risk of failure)
Confirm with . or Enter, or press ? or * to list all spells.
A beastly little devil appears in a puff of frigid air.
The bullfrog barely misses your crimson imp.
Your crimson imp closely misses the bullfrog.
The bullfrog closely misses your crimson imp.
The wight hits you with a +5 morningstar!
* * * LOW HITPOINT WARNING * * *
You feel drained.
You die...

###############
.....†.F..5F55##
#...###...##z@#
#.#.#?#.#.###5#
#...#.#...# #.#
..###.Z.###....#
# #.#.#.#.#..#
#.#.#.## ....
.Z#.#.#..###z.
..#.#.#.#..[
#..#.# #..##


You could see a bullfrog (ally target), a wight (ally target), 3 friendly
crimson imps and a friendly white imp (summoned).

Vanquished Creatures
  A scorpion (D:4)
  A bullfrog skeleton (D:6)
  A centaur skeleton (D:4)
  A scorpion zombie (D:4)
  2 adders (D:3)
  2 dart slugs (D:1)
  7 bats
  3 endoplasms
  2 giant cockroaches (D:1)
  6 goblins
  4 hobgoblins
  A quokka (D:1)
  6 ball pythons
  2 frilled lizards (D:1)
  3 kobolds
42 creatures vanquished.

Vanquished Creatures (collateral kills)
  A water moccasin skeleton (D:4)
  A hound (D:6)
  A killer bee zombie (D:6)
  An adder (D:2)
  2 orcs (D:3)
  5 ball pythons
  An endoplasm (D:3)
  3 giant cockroaches
  5 goblins
  2 hobgoblins (D:1)
  9 jackals
  A quokka (D:2)
  2 bats (D:2)
  A frilled lizard (D:1)
  4 kobolds
  A rat (D:2)
40 creatures vanquished.

Grand Total: 82 creatures vanquished

Notes
Turn   | Place    | Note
-------+----------+-------------------------------------------
     0 | D:1      | bilbop the Kobold Summoner began the quest for the Orb.
     0 | D:1      | Reached XP level 1. HP: 10/10 MP: 3/3
   301 | D:1      | Reached XP level 2. HP: 16/16 MP: 0/5
   438 | D:1      | Found Moriug's Assorted Antiques.
   442 | D:1      | Reached skill level 1 in Short Blades
   549 | D:1      | Found a faded altar of an unknown god.
   552 | D:1      | Reached XP level 3. HP: 20/20 MP: 6/6
   577 | D:1      | Learned a level 2 spell: Call Imp
   678 | D:1      | Reached skill level 1 in Fighting
  1569 | D:2      | Found Yleul's Assorted Antiques.
  1651 | D:2      | Reached XP level 4. HP: 24/25 MP: 5/7
  2601 | D:3      | Found Rynerph's Distillery.
  3666 | D:4      | Reached XP level 5. HP: 15/29 MP: 6/9
  4114 | D:4      | Reached XP level 6. HP: 35/35 MP: 10/10
  4119 | D:4      | Learned a level 3 spell: Call Canine Familiar
  4128 | D:4      | You fall into a shaft and drop 2 floors!
  4131 | D:6      | Reached skill level 1 in Shields
  4186 | D:6      | HP: 1/35 [wight (10)]
  4186 | D:6      | Slain by a wight

Illustrated notes

Levels and vault maps discovered:
D:1:      dpeg_arrival_arbitrary_c, layout_basic, serial_shops, shop,
          ebering_ecumenical_altar_hall
D:2:      layout_rooms, serial_shops, shop_statue
D:3:      layout_rooms, serial_shops, nicolae_shop_crystal,
          serial_co_window_serial, co_window_corner_a, co_window_paths_b,
          co_window_paths_a, co_window_corner_a, co_window_corner_a,
          co_window_paths_a, co_window_cross_1, co_window_paths_b,
          co_window_paths_a, co_window_of_opportunity_c, co_window_2corner,
          co_window_paths_c, co_window_corner_b, co_window_corner_b,
          co_window_sun, co_window_4corner_a
D:4:      layout_loops_ring, okawaru_ov_weapons_minmay, minmay_cupped
D:6:      layout_rooms, gammafunk_ghost_grave, serial_shops,
          kennysheep_mini_moat, eino_small_chamber_without_monster,
          small_statue_intersection, minmay_starry_boxes, uniq_duvessa

Skill      XL: |  1  2  3  4  5  6 |
---------------+-------------------+-----
Short Blades   | 1 2 3 |  3.1
Stealth        | 3 4 |  4.3
Fighting       | 1 2 |  2.1
Dodging        | 3 |  3.7
Spellcasting   | 3 |  3.1
Shields        | 1 |  1.1
Summonings     | |  4.6

Action                   |  1- 3 |  4- 6 || total
-------------------------+-------+-------++-------
Melee: Unarmed           |     8 |       ||     8
       Short sword       |     9 |       ||     9
       Dagger            |    56 |    92 ||   148
 Cast: Summon Small Mamm |    20 |       ||    20
       Call Imp          |     8 |    26 ||    34
 Stab: Sleeping          |    15 |    17 ||    32
       Distracted        |       |     1 ||     1
Armor: Robe              |    20 |    12 ||    32
Dodge: Dodged            |    89 |    74 ||   163
Block: Buckler           |       |     7 ||     7

Table legend: (Time is in decaauts)
 A = Elapsed time spent in this place.
 B = Non-inter-level travel time spent in this place.
 C = Inter-level travel time spent in this place.
 D = Time resting spent in this place.
 E = Time spent auto-exploring this place.
 F = Levels seen in this place.
 G = Mean time per level.
                   A        B        C        D        E       F      G
               +--------+--------+--------+--------+--------+-----+--------+
         Total |   4176 |   4059 |    117 |    287 |   3145 |   5 |  835.2 |
       Dungeon |   4176 |   4059 |    117 |    287 |   3145 |   5 |  835.2 |
               +--------+--------+--------+--------+--------+-----+--------+

Top non-repeatable levels by time:
     D:3: 1714 daAuts
     D:1: 1125 daAuts
     D:2: 747 daAuts
     D:4: 532 daAuts
     D:6: 56 daAuts
